 Dungeon Crawl Stone Soup version 0.21.0-24-g2553a33 (webtiles) character file.

163 wojtek the Chopper (level 5, -3/47 HPs)
             Began as a Minotaur Fighter on Jan 21, 2018.
             Killed by divine providence
             ... invoked by an orc priest
              (12 damage)
             ... on level 3 of the Dungeon.
             The game lasted 00:01:50 (1542 turns).

wojtek the Chopper (Minotaur Fighter)               Turns: 1542, Time: 00:01:50

Health: -3/47      AC: 12    Str: 21    XL:     5   Next: 20%
Magic:  4/4        EV:  4    Int:  5    God:
Gold:   60         SH:  9    Dex: 10    Spells: 4/4 levels left

rFire    . . .     SeeInvis .   a - +0 war axe
rCold    . . .     Gourm    .   c - +0 shield
rNeg     . . .     Faith    .   m - +0 plate armour
rPois    .         Spirit   .   (helmet restricted)
rElec    .         Reflect  .   (no cloak)
rCorr    .         Harm     .   (no gloves)
MR       .....                  (no boots)
Stlth    ..........             (no amulet)
HPRegen  0.15/turn              (no ring)
MPRegen  0.09/turn              (no ring)

@: lethally poisoned (-3 -> -6)
A: retaliatory headbutt, horns 2
a: no special abilities


You were on level 3 of the Dungeon.
You were not hungry.

You visited 1 branch of the dungeon, and saw 3 of its levels.

You collected 60 gold pieces.

Inventory:

Hand Weapons
 a - a +0 war axe (weapon)
Armour
 b - a +0 scale mail
 c - a +0 shield (worn)
 m - a +0 plate armour (worn)
Jewellery
 e - a +5 ring of strength {unknown}
Scrolls
 k - 4 scrolls of identify {unknown}
 n - a scroll of magic mapping {unknown}
 o - a scroll of fog {unknown}
 p - a scroll of remove curse {unknown}
 q - a scroll of immolation {unknown}
 r - a scroll of enchant armour {unknown}
Potions
 d - 2 potions of might
 h - a potion of agility {unknown}
 i - a potion of flight {unknown}
 j - a potion of berserk rage {unknown}
 l - a potion of curing {unknown}
Comestibles
 f - a ration
 g - 4 chunks of flesh


   Skills:
 + Level 4.7 Fighting
 * Level 5.0 Axes
 + Level 4.7 Armour
 - Level 3.6 Shields


You had 4 spell levels left.
You didn't know any spells.

Dungeon Overview and Level Annotations

Branches:
Dungeon (3/15)

Altars:


Innate Abilities, Weirdness & Mutations

You reflexively headbutt those who attack you in melee.
You have a pair of horns on your head.


Message History

You kill the goblin!
You have reached level 5!
You feel sick.
The orc priest hits you but does no damage.
The orc barely misses you. Natasha claws you.
* * * LOW HITPOINT WARNING * * *
The orc priest hits you but does no damage.
You closely miss Natasha. You headbutt Natasha.
You kill Natasha!
Natasha yowls pathetically as she dies!
The iron imp disappears in a puff of smoke!
Your Axes skill increases to level 5!
You barely miss the orc. You closely miss the orc priest.
You feel sick. You block the orc's attack. The orc hits you but does no damage.
The orc priest barely misses you. The orc hits you but does no damage.
You block the orc's attack.
You closely miss the orc priest. You closely miss the orc.
You feel sick.
The orc priest calls down the wrath of Beogh upon you.
Beogh smites you!
You die...

.###### .#######
#..# .......# #..#
##.....# #..#
#.....## ######..#
#......# #.......#
#......# #.......#
#......# #....o..#
#.....## #@[#
##'#### ###†o####.
#.# ####....o...oo
###(#####
#....##..####.
...()...###....#...#
...)....'.'........#
........#.#....###.#
........#.#........#
........#.#.........


You could see an orc priest and 2 orcs.

Vanquished Creatures
  Natasha (D:3)
  2 orc wizards
  2 adders (D:2)
  2 worms (D:2)
  3 dart slugs (D:1)
  2 leopard geckos
  3 orcs (D:3)
  A giant cockroach (D:1)
  8 hobgoblins
  4 jackals (D:1)
  4 kobolds
  A quokka (D:2)
  7 bats
  2 frilled lizards
  5 goblins
  5 rats
52 creatures vanquished.

Notes
Turn   | Place    | Note
-------+----------+-------------------------------------------
     0 | D:1      | wojtek the Minotaur Fighter began the quest for the Orb.
     0 | D:1      | Reached XP level 1. HP: 19/19 MP: 0/0
   430 | D:1      | Reached skill level 3 in Axes
   430 | D:1      | Reached XP level 2. HP: 27/27 MP: 1/1
   687 | D:1      | Reached XP level 3. HP: 30/33 MP: 2/2
  1091 | D:2      | Reached skill level 4 in Axes
  1189 | D:2      | Reached XP level 4. HP: 40/40 MP: 3/3
  1532 | D:3      | Noticed Natasha
  1540 | D:3      | Reached XP level 5. HP: 15/47 MP: 4/4
  1541 | D:3      | Killed Natasha
  1541 | D:3      | Reached skill level 5 in Axes
  1542 | D:3      | Killed from afar by an orc priest

Skill      XL: |  1  2  3  4  5 |
---------------+----------------+-----
Axes           | 3 4 5 |  5.0
Armour         | 4 |  4.7
Fighting       | 4 |  4.7
Shields        | |  3.6

Action                   |  1- 3 |  4- 6 || total
-------------------------+-------+-------++-------
Melee: War axe           |    90 |    29 ||   119
       Headbutt          |    14 |     6 ||    20
  Eat: Chunk             |     1 |     1 ||     2
Armor: Scale mail        |    28 |       ||    28
       Plate armour      |    24 |    21 ||    45
Dodge: Dodged            |    26 |     8 ||    34
Block: Shield            |    46 |    18 ||    64
